 Dungeon Crawl Stone Soup version 0.20-a0-1089-g3fde505 (webtiles) character file.

235 JeffiDaFish the Sneak (level 5, -1/25 HPs)
             Began as a Spriggan Enchanter on May 2, 2017.
             Killed by nerve-wracking pain
             ... invoked by an orc priest
              (12 damage)
             ... on level 3 of the Dungeon.
             The game lasted 00:07:21 (2166 turns).

JeffiDaFish the Sneak (Spriggan Enchanter)          Turns: 2166, Time: 00:07:21

Health: -1/25      AC:  2    Str:  4    XL:     5   Next: 76%
Magic:  6/12       EV: 19    Int: 17    God:
Gold:   107        SH:  0    Dex: 17    Spells: 3/12 levels left

rFire    . . .     SeeInvis +   h - +4 dagger (venom)
rCold    . . .     Gourm    .   (shield restricted)
rNeg     . . .     Faith    .   b - +0 robe
rPois    .         Spirit   .   (helmet restricted)
rElec    .         Reflect  .   (no cloak)
rCorr    .         Harm     .   (gloves unavailable)
MR       .....                  (boots unavailable)
Stlth    +++.......             (no amulet)
Regen    0.1/turn               (no ring)
MPRegen  0.2/turn               (no ring)

@: very slightly contaminated, very quick
A: unfitting armour, see invisible, herbivore 3, speed 3, slow metabolism 2
a: no special abilities


You were on level 3 of the Dungeon.
You were hungry.

You visited 1 branch of the dungeon, and saw 3 of its levels.

You collected 107 gold pieces.

Inventory:

Hand Weapons
 h - a +4 dagger of venom (weapon)
Armour
 b - a +0 robe (worn)
Scrolls
 f - 4 scrolls of identify
Potions
 a - a potion of heal wounds
 e - a potion of flight
Books
 c - a book of Maledictions

   Spells                             Type                      Level
   a - Corona                         Hexes                        1
   b - Ensorcelled Hibernation        Hexes/Ice                    2
   c - Confuse                        Hexes                        3
   d - Tukima's Dance                 Hexes                        3
   e - Dazzling Spray                 Conjuration/Hexes            3
Comestibles
 d - 3 bread rations
 g - a royal jelly


   Skills:
 + Level 1.1 Fighting
 + Level 2.1 Short Blades
 + Level 4.0 Dodging
 + Level 5.9 Stealth
 * Level 4.2 Spellcasting
 * Level 4.7 Hexes
 + Level 1.0 Ice Magic


You had 3 spell levels left.
You knew the following spells:

 Your Spells              Type           Power        Failure   Level  Hunger
a - Corona                Hex            ###....      2%          1    None
b - Ensorcelled Hibernat  Hex/Ice        ##....       7%          2    ##.....
c - Confuse               Hex            ###.....     6%          3    ###....
d - Tukima's Dance        Hex            ###.....     6%          3    ###....


Dungeon Overview and Level Annotations

Branches:
Dungeon (3/15)

Altars:

Annotations:
D:3 Willow's ghost, amateur MfGl


Innate Abilities, Weirdness & Mutations

You are very small and have problems with some larger weapons.
You are too small for most types of armour.
You have supernaturally acute eyesight. (SInv)
You are a herbivore.
You cover ground extremely quickly.
You need consume almost no food.


Message History

You hit the orc.
You kill the orc!
The orc priest invokes the aid of Beogh against you.
Beogh smites you!
Ouch! That really hurt!
Casting: Tukima's Dance
Confirm with . or Enter, or press ? or * to list all spells.
Aiming: Tukima's Dance
Press: ? - help, Shift-Dir - straight line, f - orc priest
Aim: an orc priest, wielding an enchanted mace (moderately wounded, poisoned, chance to defeat MR: 57%)
Okay, then.
Casting: Tukima's Dance
Confirm with . or Enter, or press ? or * to list all spells.
Aiming: Confuse
Press: ? - help, Shift-Dir - straight line, f - orc priest
Aim: an orc priest, wielding an enchanted mace (moderately wounded, poisoned, chance to defeat MR: 50%)
The orc priest resists with some effort.
The orc priest mumbles some strange prayers to Beogh against you.
Pain shoots through your body!
You die...

#.##.#.###.#.#.#.# #W#
#.##.#.........#.# #.#
#.##......)....#.# #.#
#..#..........%#.#######.#
##.##.....####.#.......W.#
#.#........<#.###########
#.#......####.# ########
#.##.....# #.# #......#
#.##.....# #@# #......#
#.##.....# #)# #......#
#.##.....# #o###......#######
#.##.....# #oo..............#
#.#####.#####..........#####.#
#.#####.# #......##........#.#
#.......# #.#....##.######.#.#
######### #.#....##.#....#.#.#
#.#....##.#.##.#.#.#


You could see an orc priest and 2 orcs.

Vanquished Creatures
  Sigmund (D:2)
  2 gnolls (D:3)
  2 adders
  A worm (D:2)
  3 dart slugs (D:1)
  3 leopard geckos
  4 orcs (D:3)
  3 giant cockroaches
  2 goblins (D:1)
  6 hobgoblins
  5 bats
  2 frilled lizards (D:1)
  5 kobolds
  A rat (D:1)
40 creatures vanquished.

Vanquished Creatures (others)
  2 dancing weapons (D:3)
2 creatures vanquished.

Grand Total: 42 creatures vanquished

Notes
Turn   | Place    | Note
-------+----------+-------------------------------------------
     0 | D:1      | JeffiDaFish the Spriggan Enchanter began the quest for the Orb.
     0 | D:1      | Reached XP level 1. HP: 9/9 MP: 5/5
   137 | D:1      | Reached XP level 2. HP: 13/13 MP: 6/6
   583 | D:1      | Learned a level 2 spell: Ensorcelled Hibernation
   792 | D:2      | Reached XP level 3. HP: 16/16 MP: 0/8
  1035 | D:2      | Noticed Sigmund
  1043 | D:1      | Learned a level 3 spell: Confuse
  1130 | D:2      | Killed Sigmund
  1130 | D:2      | Reached skill level 1 in Fighting
  1130 | D:2      | Reached skill level 5 in Stealth
  1130 | D:2      | Reached XP level 4. HP: 9/22 MP: 2/11
  1130 | D:2      | Reached XP level 5. HP: 10/25 MP: 2/12
  1810 | D:3      | Learned a level 3 spell: Tukima's Dance
  1839 | D:3      | Reached skill level 1 in Ice Magic
  2097 | D:3      | Noticed Willow's ghost (amateur MfGl)
  2163 | D:3      | Noticed an ice beast
  2166 | D:3      | Killed from afar by an orc priest

Vault maps used:
D:1:      lightli_arrival_noodles, minmay_box_of_dots
D:2:      uniq_sigmund
D:3:      first_bread, uniq_grinder

Skill      XL: |  1  2  3  4  5 |
---------------+----------------+-----
Spellcasting   | 3 4 |  4.2
Hexes          | 4 |  4.7
Fighting       | 1 |  1.1
Short Blades   | 2 |  2.1
Stealth        | 5 |  5.9
Dodging        | 4 |  4.0
Ice Magic      | 1 |  1.0

Action                   |  1- 3 |  4- 6 || total
-------------------------+-------+-------++-------
Melee: Dagger            |    74 |    22 ||    96
 Cast: Corona            |     6 |       ||     6
       Ensorcelled Hiber |     7 |     9 ||    16
       Confuse           |     4 |     4 ||     8
       Tukima's Dance    |       |     3 ||     3
  Use: Potion            |     5 |       ||     5
       Scroll            |     3 |     1 ||     4
 Stab: Sleeping          |    11 |     8 ||    19
       Confused          |     1 |       ||     1
Armor: Robe              |     4 |       ||     4
Dodge: Dodged            |    48 |    13 ||    61
